 Dungeon Crawl Stone Soup version 0.30.0 (webtiles) character file.

Game seed: 5506887769390480964

35 Dani the Chopper (level 3, -3/29 HPs)
             Began as a Demonspawn Fighter on May 21, 2023.
             Slain by Sigmund
             ... wielding a +0 scythe
              (8 damage)
             ... on level 2 of the Dungeon.
             The game lasted 00:01:20 (767 turns).

Dani the Chopper (Demonspawn Fighter)                Turns: 767, Time: 00:01:21

Health: -3/29      AC:  7    Str: 16    XL:     3   Next: 17%
Magic:  3/3        EV:  8    Int: 11    God:
Gold:   41         SH:  4    Dex: 12    Spells: 2/2 levels left

rFire   . . .        a - +0 war axe
rCold   . . .        c - +0 buckler
rNeg    . . .        b - +1 scale mail
rPois   .            (no helmet)
rElec   .            (no cloak)
rCorr   .            (no gloves)
SInv    .            (no boots)
Will    .....        (no amulet) Stlth
                     (no ring)
HPRegen 0.24/turn    (no ring)
MPRegen 0.08/turn

%: no passive effects
@: mighty, invisible
A: powered by pain 2
a: no special abilities


You were on level 2 of the Dungeon.
You visited 1 branch of the dungeon, and saw 2 of its levels.

You collected 41 gold pieces.

Inventory:

Hand Weapons
 a - a +0 war axe (weapon)
Armour
 b - a +1 scale mail (worn)
 c - a +0 buckler (worn)
Potions
 d - a potion of might


   Skills:
 - Level 3.0 Fighting
 + Level 3.3 Axes
 - Level 2.6 Armour
 - Level 2.6 Shields


You had 2 spell levels left.
You didn't know any spells.
Your spell library was empty.

Dungeon Overview and Level Annotations

Branches:
Dungeon (2/15)

Altars:

Annotations:
D:2 Sigmund


Innate Abilities, Weirdness & Mutations

You sometimes gain power by taking damage.


Message History

Key pressed, stopping explore.
No target in view!
Key pressed, stopping explore.
No target in view!
A bat comes into view.
Found a scroll labelled ZUTZUM HYLOLO.
A bat is nearby!
A bat is nearby!
A bat is nearby!
You hit the bat.
You kill the bat!
You have reached level 3!
Your experience leads to an increase in your attributes!
Increase (S)trength, (I)ntelligence, or (D)exterity?
You feel clever. x2; Your demonic ancestry asserts itself...
You feel even more energised by your suffering.
No target in view!
g - a scroll labelled ZUTZUM HYLOLO No target in view!
A rat comes into view.
A rat is nearby!
A rat is nearby!
A rat is nearby!
A rat is nearby!
As you read the scroll labelled ZUTZUM HYLOLO, it crumbles to dust.
A profound silence engulfs you.
It was a scroll of silence.
You hit the rat.
You kill the rat!
Found a stone staircase leading up.
No target in view!
A worm comes into view.
The worm moves out of view.
No target in view!
A worm is nearby!
A worm is nearby!
You slash the worm!
The worm is heavily wounded.
The worm barely misses you.
A worm is nearby!
You slash the worm!
You kill the worm!
There is a stone staircase leading up here.
Key pressed, stopping explore.
No target in view!
Key pressed, stopping explore.
No target in view!
A goblin comes into view.
It is wielding a +0 dagger of electrocution.
The goblin barely misses you.
A goblin is nearby!
You slash the goblin!
You kill the goblin!
You see here a +0 dagger of electrocution.
No target in view!
A hobgoblin comes into view. It is wielding a +0 falchion.
Found a hand axe.
Your hearing returns.
The hobgoblin shouts!
Sigmund the Dreaded comes into view.
He is wielding a +0 scythe.
Sigmund shouts!
There are monsters nearby!
There are monsters nearby!
The hobgoblin hits you but does no damage.
There are monsters nearby!
You hit the hobgoblin.
The hobgoblin is heavily wounded.
Sigmund hits you from afar with a +0 scythe.
The hobgoblin hits you with a +0 falchion.
You slash the hobgoblin!
You kill the hobgoblin!
A ball python comes into view.
Sigmund hits you from afar with a +0 scythe!
* * * LOW HITPOINT WARNING * * *
A goblin comes into view. It is wielding a +0 dagger.
The goblin shouts!
Items here: ! $ ) †.
You barely miss Sigmund. Sigmund closely misses you.
You closely miss Sigmund. Sigmund hits you but does no damage.
You feel very mighty all of a sudden. Sigmund barely misses you.
You barely miss Sigmund. Sigmund hits you with a +0 scythe.
* * * LOW HITPOINT WARNING * * *
You completely miss Sigmund. Sigmund gestures at you while chanting.
The magic dart hits you!
* * * LOW HITPOINT WARNING * * *
You barely miss Sigmund.
Sigmund gestures wildly while chanting.
Sigmund flickers and vanishes!
Deactivating autopickup; reactivate with Ctrl-A.
You barely miss something. Something hits you.
* * * LOW HITPOINT WARNING * * *
You completely miss something. Something hits you but does no damage.
You miss something. Something hits you.
* * * LOW HITPOINT WARNING * * *
It was a potion of curing.
You feel better. Something hits you.
* * * LOW HITPOINT WARNING * * *
It was a potion of invisibility.
You fade into invisibility!
You slash something! Something hits you!
You die...

... ..# ## ..#
#. ) ..# #.#.
g.## #... S..
#.###{#
#...@.#####
#...........
#..#######..
#..# #.)#
#..#######..#
#...........##
##.##.####....
#.##.## ..##


You could see a goblin (unable to see you) and a ball python (unable to see
you).

Vanquished Creatures
  3 worms (D:2)
  A dart slug (D:2)
  A ball python (D:1)
  5 bats
  3 endoplasms (D:1)
  3 goblins
  2 hobgoblins
  A kobold (D:1)
  A quokka (D:1)
  A frilled lizard (D:1)
  A rat (D:2)
22 creatures vanquished.

Notes
Turn   | Place    | Note
-------+----------+-------------------------------------------
     0 | D:1      | Dani the Demonspawn Fighter began the quest for the Orb.
     0 | D:1      | Reached XP level 1. HP: 18/18 MP: 1/1
    22 | D:1      | Reached skill level 2 in Axes
   121 | D:1      | Gained mutation: You sometimes gain a little power by
                  | taking damage. [demonic ancestry]
   121 | D:1      | Reached XP level 2. HP: 24/24 MP: 2/2
   522 | D:2      | HP: 5/24 [worm (5)]
   524 | D:2      | Reached skill level 3 in Axes
   709 | D:2      | Gained mutation: You sometimes gain power by taking damage.
                  | [demonic ancestry]
   709 | D:2      | Reached XP level 3. HP: 29/29 MP: 3/3
   750 | D:2      | Noticed Sigmund
   760 | D:2      | HP: 7/29 [Sigmund/magic dart (7)]
   764 | D:2      | HP: 1/29 [something (6)]
   767 | D:2      | Slain by Sigmund

Illustrated notes

Levels and vault maps discovered:
D:1:      sevenhm_arrival_forest_fort_large_4, layout_rooms
D:2:      layout_loops_ring, minmay_misc_feat_roman, uniq_sigmund

Skill      XL: |  1  2 |
---------------+-------+-----
Axes           | 2 3 |  3.3
Fighting       | |  3.0
Armour         | |  2.6
Shields        | |  2.6

Action                     || total
---------------------------++-------
  Melee: War axe           ||    66
    Use: Scroll            ||     4
         Potion            ||     3
 Armour: Scale mail        ||    30
  Dodge: Dodged            ||    21
  Block: Buckler           ||    10

Levels and vault maps discovered:
D:1:      sevenhm_arrival_forest_fort_large_4, layout_rooms
D:2:      layout_loops_ring, minmay_misc_feat_roman, uniq_sigmund

Table legend: (Time is in decaauts)
 A = Elapsed time spent in this place.
 B = Non-inter-level travel time spent in this place.
 C = Inter-level travel time spent in this place.
 D = Time resting spent in this place.
 E = Time spent auto-exploring this place.
 F = Levels seen in this place.
 G = Mean time per level.
                   A        B        C        D        E       F      G
               +--------+--------+--------+--------+--------+-----+--------+
         Total |    792 |    764 |     28 |      0 |    592 |   2 |  396.0 |
       Dungeon |    792 |    764 |     28 |      0 |    592 |   2 |  396.0 |
               +--------+--------+--------+--------+--------+-----+--------+

Top non-repeatable levels by time:
     D:1: 512 daAuts
     D:2: 279 daAuts

Table legend:
 A = Kills in this place as a percentage of kills in the entire game.
 B = Kills by you in this place as a percentage of kills by you in the entire game.
 C = Kills by friends in this place as a percentage of kills by friends in the entire game.
 D = Other kills in this place as a percentage of other kills in the entire game.
 E = Experience gained in this place as a percentage of experience gained in the entire game.
 F = Experience gained in this place divided by the number of levels of this place that you have seen.
                   A       B       C       D       E      F
               +-------+-------+-------+-------+-------+----------------------
         Total | 100.0 | 100.0 |   N/A |   N/A | 100.0 |  25.5
       Dungeon | 100.0 | 100.0 |   N/A |   N/A | 100.0 |  25.5
               +-------+-------+-------+-------+-------+----------------------
